[Event "51st La Roda Open 2025"]
[Site "La Roda"]
[Date "2025.04.16"]
[Round "3.1"]
[White "Pranav Vijay"]
[Black "Goncalves, Samuel Jesus P"]
[Result "1-0"]
[Annotator "RC"]
[ECO "B13"]
[WhiteElo "2252"]
[BlackElo "2248"]
[PlyCount "89"]
[EventDate "2025.04.15"]
[EventType "swiss"]
[EventCountry "ESP"]
[SourceTitle "playchess.com"]
[Source "ChessBase"]
[SourceQuality "1"]
[TimeControl "5400+30"]

1. e4 c6 2. d4 d5 3. exd5 cxd5 4. Bd3 Nc6 5. c3 Nf6 6. Bf4 Bg4 7. Qb3 Qd7 8. Nd2 e6 9. Ngf3 Bd6 10. Bxd6 Qxd6 11. O-O O-O 12. Rfe1 Ne7 13. Ne5 Bf5 14. Bf1 Rab8 15. a4 Nc6 16. Qd1 h6 17. Bd3 Ne7 18. Qf3 a6 19. a5 Qc7 20. Qg3 Rfc8 21. Nb3 Bxd3 22. Nxd3 Qc4 23. Nbc5 b6 24. axb6 Rxb6 25. Ra4 Qb5 26. Rea1 Ne4 27. Qf3 Nd2 28. Qd1 Nc4 29. b3 Nd6 30. Rb4 Qc6 31. Ne5 Qc7 32. Rxb6 Qxb6 33. Rxa6 Qc7 34. Qa1 Ne4 35. Ra7 Qd8 36. b4 Qe8 37. f3 Nf6 38. Qa6 Nc6 39. Nxc6 Rxc6 40. Qa4 Rc8 41. Qxe8+ Nxe8 42. b5 Nd6 43. b6 g5 44. b7 Rd8 45. Ra6 1-0

[Event "51st La Roda Open 2025"]
[Site "La Roda"]
[Date "2025.04.16"]
[Round "3.2"]
[White "Garcia Jimenez, Santiago"]
[Black "Gumularz, Szymon"]
[Result "1/2-1/2"]
[Annotator "TA"]
[ECO "B23"]
[WhiteElo "2241"]
[BlackElo "2604"]
[PlyCount "66"]
[EventDate "2025.04.15"]
[EventType "swiss"]
[EventCountry "ESP"]
[SourceTitle "playchess.com"]
[Source "ChessBase"]
[SourceQuality "1"]
[TimeControl "5400+30"]

1. e4 c5 2. Nc3 e6 3. Nge2 Nc6 4. g3 a6 5. Bg2 b5 6. O-O {[%emt 0:00:09] B23: Closed Sicilian: Lines without g3.} Bb7 7. Re1 Nge7 8. d4 {[%emt 0:05:24] White is slightly better.} Nxd4 9. Nxd4 cxd4 10. Qxd4 Rc8 11. a4 $146 (11. Qd1 Ng6 12. a4 b4 13. Nd5 Bc5 14. Be3 Bxe3 15. Nxe3 O-O 16. Qd6 a5 17. Rad1 {½-½ Sindarov,J (2658)-Kamsky,G (2641) Orsay Blitz op 2023 (7)}) 11... Nc6 12. Qd1 (12. Qe3 $5) 12... b4 {[%emt 0:04:01] [#]} 13. Nd5 Bc5 {[%emt 0:05:20][%cal Oc6e5] Inhibits Be3.} 14. Be3 d6 15. Bxc5 dxc5 16. Ne3 Na5 {[%emt 0:00:18] Against Nc4} 17. Qg4 {[%emt 0:05:49] Not much happening anymore} O-O 18. Rad1 Qc7 19. Qh5 Rfd8 20. Rxd8+ Rxd8 21. Rd1 Rxd1+ 22. Qxd1 h6 23. Qd3 h5 24. h4 g6 25. Kh2 Kg7 {[%emt 0:03:38] The position is equal.} 26. Nc4 Nxc4 27. Qxc4 $11 {[%emt 0:00:47][%mdl 4096] Endgame KQB-KQB} e5 28. c3 bxc3 29. Qxc3 Qd6 30. a5 Bc6 31. f4 f6 32. fxe5 fxe5 33. Qb3 {[%emt 0:03:22] [#] And now Qb6 would win.} Qd4 {[%emt 0:09:17] Weighted Error Value: White=0.08 (flawless) /Black=0.06 (flawless)   Inaccurate:     	White=1     	Black=1      OK:         	White=11    	Black=9      Best:        	---       	Black=2} 1/2-1/2

[Event "51st La Roda Open 2025"]
[Site "La Roda"]
[Date "2025.04.16"]
[Round "3.3"]
[White "Albornoz Cabrera, Carlos Daniel"]
[Black "Cuellar Montes, Alejandro"]
[Result "1-0"]
[Annotator "TA"]
[ECO "C88"]
[WhiteElo "2561"]
[BlackElo "2200"]
[PlyCount "55"]
[EventDate "2025.04.15"]
[EventType "swiss"]
[EventCountry "ESP"]
[SourceTitle "playchess.com"]
[Source "ChessBase"]
[SourceQuality "1"]
[TimeControl "5400+30"]

1. e4 e5 2. Nf3 Nc6 3. Bb5 a6 4. Ba4 Nf6 5. O-O Be7 6. Re1 b5 7. Bb3 O-O 8. a4 Bb7 9. d3 d6 10. Nbd2 Nd7 11. Nf1 Nc5 12. axb5 axb5 {[%emt 0:00:28] The position is equal.} 13. Rxa8 Qxa8 14. Bd5 Nd8 15. Ne3 Nde6 16. b4 Na6 17. c3 c6 18. Bb3 Re8 19. Nf5 Qd8 ({Better is} 19... c5 $14) 20. d4 $16 {[%emt 0:07:06] White is much more active.} exd4 (20... Bf6 $16 {was called for.}) 21. N3xd4 $18 Nxd4 22. Qxd4 (22. Nxd4 $6 Bf6 $16) 22... Bf8 {[%emt 0:01:08] [#]} (22... Bf6 {is a better defense.} 23. Qd3 (23. Qxd6 Bc8 $16) 23... d5) 23. Re3 $1 $40 {[%emt 0:08:16][%cal Of5h6,Be1e3,Be3f3,Bf3f6,Bf6f8][%mdl 160] White is out for blood.} g6 $2 {[%emt 0:05:05] [#]} ({Stronger than} 23... c5 24. Nh6+ Kh8 25. Nxf7+ Kg8 26. Nxd6+ (26. Nxd8+ c4 $18) 26... c4 27. Bxc4+ (27. Nxb7 Qxd4 28. cxd4 cxb3 $18) 27... Kh8 28. Nf7+ (28. Nxb7 Qxd4 29. cxd4 bxc4 $18) 28... Kg8 29. Nxd8+) (23... Re5 24. Rg3 g6) 24. Rf3 $1 {[%emt 0:01:46] White threatens Nh6+ and mate.} d5 {[%emt 0:12:13] Hoping for ...c5.} 25. Nh6+ Bxh6 26. Bxh6 f6 {[%emt 0:00:11] Black is weak on the dark squares} 27. Rxf6 {[%emt 0:00:32][%cal Of6f8] Threatening mate with Rf8+!} c5 {[%emt 0:01:58] [#]} 28. Rf8+ $1 {[%emt 1:06:50][%mdl 512] Weighted Error Value: White=0.05 (flawless) /Black=0.87.  Mistake:       	---       	Black=4      Inaccurate:     	White=1     	Black=2      OK:         	White=6     	Black=4      Best:        	White=1     	Black=2      Strong:       	White=1     	---} 1-0

[Event "51st La Roda Open 2025"]
[Site "La Roda"]
[Date "2025.04.16"]
[Round "3.4"]
[White "Gonzalez Lema, Carlos"]
[Black "Fier, Alexandr"]
[Result "0-1"]
[Annotator "TA"]
[ECO "E20"]
[WhiteElo "2200"]
[BlackElo "2534"]
[PlyCount "62"]
[EventDate "2025.04.15"]
[EventType "swiss"]
[EventCountry "ESP"]
[SourceTitle "playchess.com"]
[Source "ChessBase"]
[SourceQuality "1"]
[TimeControl "5400+30"]

1. d4 Nf6 2. c4 e6 3. Nc3 Bb4 4. f3 c5 5. d5 d6 6. e4 b5 {[%emt 0:00:59] E20: Nimzo-Indian: 4 g3 and 4 f3.} 7. Bd2 a6 8. Nge2 O-O {[%emt 0:04:48] The position is equal.} 9. Nf4 exd5 10. exd5 $146 {[%emt 0:00:29] [#]} (10. cxd5 $11 {remains equal.} Ba5 11. a4) (10. cxd5 Nbd7 11. a4 bxa4 12. Qxa4 Ne5 13. Be2 Rb8 14. O-O c4 15. Qc2 g5 16. Nh3 Bxh3 17. gxh3 {½-½ Mamedyarov,S (2782)-Aronian,L (2782) Aimchess US Rapid KO 2021 (1.23)}) 10... Nbd7 $1 $17 11. a4 Re8+ 12. Kf2 bxc4 13. Bxc4 Ne5 14. Be2 c4 {[%emt 0:02:31] Dodges Nd3} 15. h4 Bc5+ 16. Kg3 $2 (16. Kf1) 16... Rb8 $19 17. a5 (17. Ra2 {was necessary.}) 17... Rxb2 18. Na4 Nd3 19. Bxd3 Rxd2 20. Qxd2 {[%emt 0:00:11] Nxc5 would now be deadly.} Be3 {[%emt 0:00:04] This pair of bishops is nice.} ({Not} 20... cxd3 21. Nxc5 dxc5 22. Rhe1 $16 (22. Qxd3 Qd6 $17)) 21. Bxh7+ Kxh7 22. Qc2+ Kg8 {[%emt 0:00:03] and ...Bxf4+ should not be overlooked} 23. Ne6 Nh5+ 24. Kh3 Nf4+ 25. Kg3 fxe6 26. Rae1 Nh5+ 27. Kh3 exd5+ 28. g4 Qf6 29. Rhf1 Kf7 {[%emt 0:00:16] ( -> ...Nf4+)} 30. Nc3 Nf4+ 31. Kg3 {[%emt 0:00:02] [#]} Qxh4+ $3 {[%emt 0:00:07][%mdl 33280] White did not feel at home in the position after the opening.   Weighted Error Value: White=1.36/Black=0.47 Loss on time!?  Mistake:       	White=3     	---        Inaccurate:     	White=3     	---        OK:         	White=2     	Black=10     Best:        	White=1     	---        Strong:       	---       	Black=1} 0-1

[Event "51st La Roda Open 2025"]
[Site "La Roda"]
[Date "2025.04.16"]
[Round "3.5"]
[White "Suleymenov, Alisher"]
[Black "Rumbos Garcia, Alejandro Daniel"]
[Result "1-0"]
[Annotator "RC"]
[ECO "B32"]
[WhiteElo "2478"]
[BlackElo "2178"]
[PlyCount "77"]
[EventDate "2025.04.15"]
[EventType "swiss"]
[EventCountry "ESP"]
[SourceTitle "playchess.com"]
[Source "ChessBase"]
[SourceQuality "1"]
[TimeControl "5400+30"]

1. e4 c5 2. Nf3 Nc6 3. d4 cxd4 4. Nxd4 e5 5. Nb5 d6 6. c4 Nf6 7. N1c3 a6 8. Na3 Be7 9. Nc2 Be6 10. Be2 O-O 11. O-O Rc8 12. Be3 Na5 13. b3 b5 14. Nd5 Bxd5 15. exd5 bxc4 16. b4 Nb7 17. Na3 a5 18. b5 Nc5 19. Nxc4 Nfd7 20. Qd2 Ra8 21. Rab1 Nb7 22. b6 f5 23. Qc3 f4 24. Bd2 e4 25. Bg4 Ndc5 26. Qh3 Qe8 27. Bf5 g6 28. Be6+ Kg7 29. Nxa5 Nxe6 30. Qxe6 Nc5 31. Bc3+ Bf6 32. Bxf6+ Rxf6 33. Qxe8 Rxe8 34. Nc6 Rf7 35. a4 Ra8 36. a5 Rb7 37. Rfc1 Na6 38. Rc4 Nc7 39. Nd8 1-0

[Event "51st La Roda Open 2025"]
[Site "La Roda"]
[Date "2025.04.16"]
[Round "3.6"]
[White "Vehi Bach, Victor Manuel"]
[Black "Lopez Martinez, Josep Manuel"]
[Result "1/2-1/2"]
[Annotator "RC"]
[ECO "C48"]
[WhiteElo "2178"]
[BlackElo "2460"]
[PlyCount "20"]
[EventDate "2025.04.15"]
[EventType "swiss"]
[EventCountry "ESP"]
[SourceTitle "playchess.com"]
[Source "ChessBase"]
[SourceQuality "1"]
[TimeControl "5400+30"]

1. e4 e5 2. Nf3 Nc6 3. Nc3 Nf6 4. Bb5 Nd4 5. O-O c6 6. Bd3 Nxf3+ 7. Qxf3 d6 8. Be2 Bg4 9. Qe3 Qb6 10. d3 Qxe3 1/2-1/2

[Event "51st La Roda Open 2025"]
[Site "La Roda"]
[Date "2025.04.16"]
[Round "3.7"]
[White "Kanov, Nikola"]
[Black "Portero Rubio, Martin"]
[Result "1-0"]
[Annotator "RC"]
[ECO "A08"]
[WhiteElo "2413"]
[BlackElo "2125"]
[PlyCount "67"]
[EventDate "2025.04.15"]
[EventType "swiss"]
[EventCountry "ESP"]
[SourceTitle "playchess.com"]
[Source "ChessBase"]
[SourceQuality "1"]
[TimeControl "5400+30"]

1. Nf3 Nf6 2. g3 c5 3. Bg2 Nc6 4. O-O e5 5. d3 d5 6. e4 dxe4 7. dxe4 Qxd1 8. Rxd1 Bg4 9. Na3 Nd4 10. Rd3 Bxf3 11. Bxf3 O-O-O 12. Bg5 Be7 13. Bxf6 Bxf6 14. c3 Nc6 15. Bg4+ Kc7 16. Nb5+ Kb6 17. Nd6 Be7 18. Nc4+ Kc7 19. Rd5 b6 20. Rad1 f6 21. Rd7+ Rxd7 22. Rxd7+ Kb8 23. Ne3 Rd8 24. Nd5 Bf8 25. Rf7 Na5 26. Nc7 Bd6 27. Na6+ Ka8 28. Be6 Nc6 29. Bd5 Rc8 30. b4 cxb4 31. cxb4 b5 32. a4 bxa4 33. b5 a3 34. bxc6 1-0

[Event "51st La Roda Open 2025"]
[Site "La Roda"]
[Date "2025.04.16"]
[Round "3.8"]
[White "Abdsattar, Alisher"]
[Black "Valmana Canto, Jaime"]
[Result "0-1"]
[Annotator "RC"]
[ECO "B33"]
[WhiteElo "2126"]
[BlackElo "2385"]
[PlyCount "68"]
[EventDate "2025.04.15"]
[EventType "swiss"]
[EventCountry "ESP"]
[SourceTitle "playchess.com"]
[Source "ChessBase"]
[SourceQuality "1"]
[TimeControl "5400+30"]

1. e4 c5 2. Nf3 Nc6 3. d4 cxd4 4. Nxd4 Nf6 5. Nc3 e5 6. Ndb5 d6 7. Nd5 Nxd5 8. exd5 Ne7 9. c4 Ng6 10. h4 h5 11. g3 a6 12. Nc3 Bg4 13. Be2 Bxe2 14. Qxe2 f5 15. Bd2 Be7 16. O-O-O Rc8 17. Kb1 Qc7 18. b3 Bf6 19. Rc1 Nf8 20. f3 g6 21. Qf2 Nd7 22. g4 Nc5 23. Rcg1 b5 24. gxf5 gxf5 25. cxb5 Kf7 26. Qg2 Rhg8 27. Qe2 axb5 28. Qxb5 Rb8 29. Qc6 Rgc8 30. Qxc7+ Rxc7 31. Rc1 Nd3 32. Rc2 Rbc8 33. Rf1 Kg6 34. Rg1+ Kh7 0-1

[Event "51st La Roda Open 2025"]
[Site "La Roda"]
[Date "2025.04.16"]
[Round "3.9"]
[White "Yordanov, Lachezar"]
[Black "Ponce Navalon, Jose"]
[Result "1-0"]
[Annotator "RC"]
[ECO "E91"]
[WhiteElo "2364"]
[BlackElo "2121"]
[PlyCount "141"]
[EventDate "2025.04.15"]
[EventType "swiss"]
[EventCountry "ESP"]
[SourceTitle "playchess.com"]
[Source "ChessBase"]
[SourceQuality "1"]
[TimeControl "5400+30"]

1. Nf3 Nf6 2. c4 d6 3. d4 g6 4. Nc3 Bg7 5. e4 O-O 6. Be2 Nc6 7. O-O Bg4 8. d5 Bxf3 9. Bxf3 Na5 10. Be2 c5 11. Rb1 a6 12. Qc2 Nd7 13. Be3 e5 14. b3 b6 15. Bd3 Nb7 16. a3 Qe7 17. Rbe1 f6 18. Kh1 Rf7 19. g3 Qf8 20. Bd2 Kh8 21. Qc1 Re8 22. f3 h5 23. f4 Bh6 24. Qd1 Rh7 25. Bc1 h4 26. f5 gxf5 27. gxh4 Bxc1 28. Qxc1 f4 29. Rg1 Rxh4 30. Rg6 Re7 31. Reg1 Reh7 32. Qd2 Qf7 33. R6g2 Nf8 34. Be2 Ng6 35. Bf3 Na5 36. Qc2 R7h6 37. Rf2 Rh3 38. Bg4 R3h4 39. Be6 Qf8 40. Rfg2 Ne7 41. Nd1 R6h5 42. b4 Nb7 43. Bg4 Rg5 44. Nf2 a5 45. bxa5 Nxa5 46. Qa4 Ng8 47. Be6 Rhh5 48. Qd1 Qh6 49. Ng4 Rxg4 50. Bxg4 Rg5 51. Qa4 Qg7 52. Be6 f3 53. Rxg5 fxg5 54. Qe8 f2 55. Rf1 Qh7 56. Qxg8+ Qxg8 57. Bxg8 Kxg8 58. Rxf2 Nxc4 59. a4 Kg7 60. Kg2 Kg6 61. Kf3 Kf6 62. Ke2+ Ke7 63. Kd3 Na5 64. Rf5 c4+ 65. Kc3 Nb3 66. Rxg5 Nc5 67. Rg4 Nxa4+ 68. Kxc4 Nb2+ 69. Kb5 Nd1 70. Rg7+ Kf6 71. Rg3 1-0

[Event "51st La Roda Open 2025"]
[Site "La Roda"]
[Date "2025.04.16"]
[Round "3.10"]
[White "Perez Travieso, Saul"]
[Black "Sierra Vallina, Lionel"]
[Result "1/2-1/2"]
[Annotator "RC"]
[ECO "D37"]
[WhiteElo "2111"]
[BlackElo "2342"]
[PlyCount "97"]
[EventDate "2025.04.15"]
[EventType "swiss"]
[EventCountry "ESP"]
[SourceTitle "playchess.com"]
[Source "ChessBase"]
[SourceQuality "1"]
[TimeControl "5400+30"]

1. c4 e6 2. d4 Nf6 3. Nf3 a6 4. Nc3 d5 5. cxd5 exd5 6. Bf4 Bd6 7. Bxd6 Qxd6 8. Qb3 O-O 9. e3 Nc6 10. Bd3 Ne7 11. Qc2 g6 12. O-O Bf5 13. Rfc1 c6 14. Rab1 a5 15. Bxf5 Nxf5 16. Na4 Qe7 17. a3 Nd6 18. Nc5 Nd7 19. b3 h5 20. Qd3 Rfe8 21. b4 axb4 22. axb4 Ra7 23. Ra1 Rea8 24. Qc3 Nxc5 25. bxc5 Nb5 26. Rxa7 Rxa7 27. Qc2 Qe8 28. Ne5 Kg7 29. Qd1 Ra2 30. Qf3 Nc3 31. Rf1 Ne4 32. Qh3 Nxc5 33. Nxg6 fxg6 34. dxc5 Rc2 35. Qh4 Rc4 36. Qg3 Rxc5 37. Qc7+ Qf7 38. Qe5+ Kh7 39. f4 Qg7 40. Qe6 d4 41. e4 d3 42. f5 gxf5 43. exf5 Re5 44. Qd6 Rd5 45. Qe6 Re5 46. Qd6 Rd5 47. Qe6 Re5 48. Qd6 Rd5 49. Qe6 1/2-1/2

[Event "51st La Roda Open 2025"]
[Site "La Roda"]
[Date "2025.04.16"]
[Round "3.11"]
[White "Centron Antuna, Daniel"]
[Black "Cano Mateos, Pablo"]
[Result "1-0"]
[Annotator "RC"]
[ECO "C11"]
[WhiteElo "2299"]
[BlackElo "2086"]
[PlyCount "65"]
[EventDate "2025.04.15"]
[EventType "swiss"]
[EventCountry "ESP"]
[SourceTitle "playchess.com"]
[Source "ChessBase"]
[SourceQuality "1"]
[TimeControl "5400+30"]

1. e4 e6 2. d4 d5 3. Nc3 Nf6 4. e5 Nfd7 5. f4 c5 6. Nf3 Nc6 7. Be3 a6 8. Qd2 Be7 9. dxc5 Nxc5 10. O-O-O b5 11. Qf2 Na4 12. Nxa4 bxa4 13. Bb6 Qd7 14. Bc5 Rb8 15. c3 Qc7 16. Bxe7 Nxe7 17. Qc2 Qa5 18. Nd4 Bd7 19. a3 Nc6 20. Nxc6 Bxc6 21. Rd4 g6 22. g4 Bb5 23. Bxb5+ axb5 24. f5 Qc7 25. Re1 Kd7 26. Rf4 Rhf8 27. Qf2 Qd8 28. Rf1 Qb6 29. fxe6+ Ke8 30. e7 Rg8 31. Qxb6 Rxb6 32. Rxf7 Rb8 33. Rxh7 1-0

[Event "51st La Roda Open 2025"]
[Site "La Roda"]
[Date "2025.04.16"]
[Round "3.12"]
[White "Mafra, Kaiser Luiz"]
[Black "Gonzalez Castillo, Jose Javier"]
[Result "0-1"]
[Annotator "RC"]
[ECO "C00"]
[WhiteElo "2098"]
[BlackElo "2297"]
[PlyCount "82"]
[EventDate "2025.04.15"]
[EventType "swiss"]
[EventCountry "ESP"]
[SourceTitle "playchess.com"]
[Source "ChessBase"]
[SourceQuality "1"]
[TimeControl "5400+30"]

1. e4 c5 2. Nf3 e6 3. b4 cxb4 4. a3 d5 5. e5 b3 6. cxb3 Nc6 7. b4 a6 8. g3 Nge7 9. Bg2 Nf5 10. O-O Bd7 11. Nc3 h5 12. h4 Qb6 13. Na4 Qa7 14. Kh2 a5 15. Bb2 Ncd4 16. Nxd4 Nxd4 17. Nc5 Bxc5 18. bxc5 Qxc5 19. Rc1 Qb6 20. Bxd4 Qxd4 21. Rc7 Qb6 22. Rc3 a4 23. Qf3 Rc8 24. Rxc8+ Bxc8 25. Qf4 Bd7 26. Rc1 O-O 27. f3 Bc6 28. Qg5 Qb2 29. Re1 Qxa3 30. g4 Qd3 31. gxh5 Qf5 32. Qe7 Qf4+ 33. Kh1 Qxd2 34. Rg1 d4 35. f4 Bxg2+ 36. Rxg2 Qxf4 37. Rg5 Qxh4+ 38. Kg1 Qe1+ 39. Kg2 Qe4+ 40. Kh2 Qf4+ 41. Kh1 Rc8 0-1

[Event "51st La Roda Open 2025"]
[Site "La Roda"]
[Date "2025.04.16"]
[Round "3.13"]
[White "Gomez Falagan, Daniel"]
[Black "Burriel Ureta, Raul"]
[Result "1-0"]
[Annotator "RC"]
[ECO "D35"]
[WhiteElo "2254"]
[BlackElo "1948"]
[PlyCount "51"]
[EventDate "2025.04.15"]
[EventType "swiss"]
[EventCountry "ESP"]
[SourceTitle "playchess.com"]
[Source "ChessBase"]
[SourceQuality "1"]
[TimeControl "5400+30"]

1. d4 Nf6 2. c4 e6 3. Nc3 d5 4. cxd5 exd5 5. Bg5 c6 6. e3 h6 7. Bh4 Be6 8. Bd3 Nbd7 9. h3 Bd6 10. Nge2 g5 11. Bg3 Nb6 12. Qc2 Nh5 13. Bxd6 Qxd6 14. O-O-O Nd7 15. Kb1 b5 16. h4 g4 17. e4 Nb6 18. e5 Qe7 19. f4 a5 20. f5 Bc8 21. Nxb5 cxb5 22. Qc6+ Bd7 23. Qxb6 O-O 24. Qxh6 f6 25. Qxh5 Qg7 26. Qg6 1-0

[Event "51st La Roda Open 2025"]
[Site "La Roda"]
[Date "2025.04.16"]
[Round "3.14"]
[White "Aishwin Daniel"]
[Black "Vinals Rioja, Jaume"]
[Result "1/2-1/2"]
[Annotator "RC"]
[ECO "B76"]
[WhiteElo "2236"]
[BlackElo "1928"]
[PlyCount "96"]
[EventDate "2025.04.15"]
[EventType "swiss"]
[EventCountry "ESP"]
[SourceTitle "playchess.com"]
[Source "ChessBase"]
[SourceQuality "1"]
[TimeControl "5400+30"]

1. e4 c5 2. Nf3 d6 3. d4 cxd4 4. Nxd4 Nf6 5. Nc3 g6 6. f3 Bg7 7. Be3 O-O 8. Qd2 Nc6 9. O-O-O d5 10. exd5 Nxd5 11. Nxc6 bxc6 12. Bd4 Bxd4 13. Qxd4 Qb6 14. Qe5 Nxc3 15. Qxc3 Be6 16. a3 Rfd8 17. Re1 Qd4 18. Qxd4 Rxd4 19. Re5 Rad8 20. Bd3 R4d5 21. Rhe1 Rxe5 22. Rxe5 Kf8 23. Rc5 Bd5 24. Ba6 Rd6 25. Bb7 h5 26. c4 Be6 27. Bxc6 h4 28. Bd5 h3 29. gxh3 Bxh3 30. a4 e6 31. Bb7 Rd7 32. Ba8 Bg2 33. a5 Ke7 34. b4 Kd6 35. Rg5 Bf1 36. c5+ Kc7 37. Rg1 Be2 38. Rg2 Bb5 39. Rd2 Re7 40. Rd6 Re8 41. Be4 Rh8 42. Bd3 Bxd3 43. Rxd3 Rxh2 44. b5 Rh5 45. Rc3 a6 46. b6+ Kc6 47. Kd2 Rh2+ 48. Kd3 Rb2 1/2-1/2

[Event "51st La Roda Open 2025"]
[Site "La Roda"]
[Date "2025.04.16"]
[Round "3.15"]
[White "Nomindalai Tumurbaatar"]
[Black "Arroyo Rodriguez, Jesus"]
[Result "1-0"]
[Annotator "RC"]
[ECO "A53"]
[WhiteElo "2211"]
[BlackElo "1954"]
[PlyCount "115"]
[EventDate "2025.04.15"]
[EventType "swiss"]
[EventCountry "ESP"]
[SourceTitle "playchess.com"]
[Source "ChessBase"]
[SourceQuality "1"]
[TimeControl "5400+30"]

1. d4 Nf6 2. c4 d6 3. Nc3 e5 4. d5 Nbd7 5. e4 Nc5 6. Bd3 a5 7. Nge2 Be7 8. O-O c6 9. Kh1 a4 10. Be3 Nfd7 11. Bc2 Qa5 12. Rb1 h6 13. b4 axb3 14. axb3 Qd8 15. b4 Na6 16. Ra1 c5 17. bxc5 Ndxc5 18. Bxc5 dxc5 19. f4 Bf6 20. Ba4+ Kf8 21. Qd3 Bg4 22. Qg3 Bxe2 23. Nxe2 Qd6 24. Bb5 Kg8 25. f5 Kh7 26. Qc3 Nc7 27. Qb2 Rhb8 28. Kg1 Na6 29. Rf3 Nb4 30. Rfa3 Qd8 31. Kf1 Rxa3 32. Rxa3 Ra8 33. Nc3 Rxa3 34. Qxa3 Bg5 35. Ke2 Be3 36. Nd1 Bd4 37. Qg3 Qa5 38. Qb3 Na2 39. Qc2 Nb4 40. Qa4 Qd8 41. Qb3 Qg5 42. Qf3 Nc2 43. d6 Ba1 44. Kf1 Qd2 45. Qe2 Qf4+ 46. Kg1 Nd4 47. Qf1 Qd2 48. Be8 Ne2+ 49. Kh1 Bd4 50. d7 Ng3+ 51. hxg3 Qg5 52. Nf2 Bxf2 53. Qxf2 Qh5+ 54. Kg1 Qd1+ 55. Qf1 Qd2 56. Qa1 Kg8 57. Kh2 Qg5 58. Qd1 1-0

[Event "51st La Roda Open 2025"]
[Site "La Roda"]
[Date "2025.04.16"]
[Round "3.16"]
[White "Gonzalez Manchon, Juan Miguel"]
[Black "Pomes Marcet, Joan"]
[Result "1/2-1/2"]
[Annotator "RC"]
[ECO "C07"]
[WhiteElo "1988"]
[BlackElo "2187"]
[PlyCount "120"]
[EventDate "2025.04.15"]
[EventType "swiss"]
[EventCountry "ESP"]
[SourceTitle "playchess.com"]
[Source "ChessBase"]
[SourceQuality "1"]
[TimeControl "5400+30"]

1. e4 e6 2. d4 d5 3. Nd2 c5 4. exd5 Qxd5 5. Ngf3 cxd4 6. Bc4 Qd6 7. O-O Nf6 8. Nb3 Nc6 9. Nbxd4 Nxd4 10. Qxd4 Qxd4 11. Nxd4 a6 12. Be2 e5 13. Nf3 Bd6 14. Rd1 Bc7 15. b4 O-O 16. Bb2 Re8 17. c4 e4 18. Nd4 Be5 19. Rab1 Bd7 20. Nb3 Bg4 21. Bxg4 Nxg4 22. h3 Bxb2 23. hxg4 Bc3 24. Nc5 b5 25. Rb3 Bf6 26. Rc1 Bg5 27. Rcc3 Bd2 28. Rc2 e3 29. fxe3 Bxe3+ 30. Kf1 Rad8 31. Rd3 Bxc5 32. Rxd8 Rxd8 33. bxc5 b4 34. Ke2 Kf8 35. Ke3 Ke7 36. g5 Ke6 37. Ke4 f5+ 38. gxf6 gxf6 39. g4 Rd7 40. Rh2 Rg7 41. Kf4 Rg5 42. Ke4 Rxg4+ 43. Kd3 Rg3+ 44. Kd4 Rg4+ 45. Kd3 Rg7 46. Kd4 Rd7+ 47. Ke3 a5 48. Rh5 f5 49. c6 Rc7 50. Kd4 Rxc6 51. Rh6+ Kd7 52. Rxh7+ Kc8 53. Rf7 a4 54. Rxf5 b3 55. axb3 axb3 56. Rb5 Kc7 57. Rxb3 Rd6+ 58. Kc3 Kc6 59. Rb5 Rd1 60. Rh5 Rc1+ 1/2-1/2